TOP OF THE 1ST |
Seattle (APP) Mariners batting - Pitching for Great Falls Voyagers : LHP Nick Hamlin
|
Pitching: LHP Nick Hamlin
|
|
Batting: RHB Micah Roth
|
0-0: Ball 1-0: Fly out, F8 (Flyball, 8LD, EV 89.4 MPH)
|
Batting: LHB William Warren
|
0-0: Foul Ball, location: 2F 0-1: DOUBLE (Line Drive, 89D, EV 98.1 MPH)
|
Batting: RHB Malik Brookshire
|
0-0: Called Strike William Warren steals 3rd base 0-1: Called Strike 0-2: Foul Ball, location: 2F 0-2: Ball 1-2: Ball 2-2: SINGLE (Groundball, 13S, EV 71.2 MPH) (infield hit)
|
Batting: RHB John Peterson
|
0-0: Called Strike 0-1: Ball 1-1: Swinging Strike 1-2: Strikes out swinging
|
Batting: SHB Frank Amato
|
0-0: Ball Malik Brookshire is caught stealing 2nd base 2-4
|
Top of the 1st over - 0 runs, 2 hits, 0 errors, 1 left on base; Seattle (APP) 0 - Great Falls 0 |
BOTTOM OF THE 1ST |
Great Falls Voyagers batting - Pitching for Seattle (APP) Mariners : RHP David Lane
|
Pitching: RHP David Lane
|
|
Batting: RHB Andy Cotton
|
0-0: Foul Ball, location: 2F 0-1: Ball 1-1: Ball 2-1: Ball 3-1: Called Strike 3-2: Foul Ball, location: 2F 3-2: Base on Balls
|
Batting: SHB Jose Romo
|
0-0: Ball 1-0: Ball 2-0: SINGLE (Groundball, 34, EV 94.4 MPH) Andy Cotton to second Runner from 2nd tries for 3rd, SAFE, throw by RF made to third
|
Batting: LHB Carlos Ramirez
|
0-0: Ball 1-0: Called Strike 1-1: Foul Ball, location: 2F 1-2: Ball 2-2: Ball 3-2: Foul Ball, location: 2F 3-2: Base on Balls Jose Romo to second
|
Batting: RHB Vic Lucatero
|
0-0: Foul Ball, location: 2F 0-1: Ball 1-1: Ball 2-1: Foul Ball, location: 2F 2-2: SINGLE (Line Drive, 4MD, EV 104.4 MPH) Andy Cotton scores Jose Romo to third Carlos Ramirez to second
|
Batting: LHB Josh Pittman
|
0-0: Called Strike 0-1: Ball 1-1: Foul Ball, location: 2F 1-2: Ball 2-2: Fly out, F9 (Flyball, 9, EV 83.1 MPH) Runner from 3rd tags up, SCORES, throw by RF Carlos Ramirez to third
|
Batting: SHB Matt Childers
|
0-0: Ball 1-0: Foul Ball, location: 2F 1-1: Ball 2-1: Ball 3-1: Base on Balls Vic Lucatero to second
|
Pitching: LHP Mitch Lewis
|
|
Batting: RHB Chris LaMore
|
0-0: Foul Ball, location: 2F 0-1: Ball 1-1: GRAND SLAM HOME RUN (Line Drive, 78XD, EV 105.0 MPH), Distance : 415 ft
|
Batting: RHB Tommy Ellington
|
0-0: Called Strike 0-1: Ball 1-1: Called Strike 1-2: Ball 2-2: Ground out 6-3 (Groundball, 6, EV 88.1 MPH)
|
Batting: RHB Billy Grubbs
|
0-0: Ball 1-0: Ball 2-0: Ball 3-0: Called Strike 3-1: Base on Balls
|
Batting: RHB Andy Cotton
|
0-0: Ball 1-0: Ball 2-0: Ball 3-0: Called Strike 3-1: Foul Ball, location: 2F 3-2: Base on Balls Billy Grubbs to second
|
Pitching: LHP Kevin Roberts
|
|
Batting: SHB Jose Romo
|
0-0: Foul Ball, location: 2F 0-1: Ball Wild Pitch! Billy Grubbs to third Andy Cotton to second 1-1: Ball 2-1: Ball 3-1: DOUBLE (Line Drive, 78M, EV 107.5 MPH) Billy Grubbs scores Andy Cotton scores
|
Batting: LHB Carlos Ramirez
|
0-0: Ball 1-0: Ball 2-0: Ball 3-0: Foul Ball, location: 2F 3-1: Base on Balls
|
Batting: RHB Vic Lucatero
|
0-0: Foul Ball, location: 2F 0-1: Ball 1-1: Ball 2-1: Ball 3-1: Base on Balls Jose Romo to third Carlos Ramirez to second
|
Batting: LHB Josh Pittman
|
0-0: Called Strike 0-1: Swinging Strike 0-2: Foul Ball, location: 2F 0-2: Ball 1-2: Foul Ball, location: 2F 1-2: Fielders Choice at 2nd, 5-4 (Groundball, 56, EV 85.0 MPH)
|
Bottom of the 1st over - 8 runs, 4 hits, 0 errors, 3 left on base; Seattle (APP) 0 - Great Falls 8 |
TOP OF THE 2ND |
Seattle (APP) Mariners batting - Pitching for Great Falls Voyagers : LHP Nick Hamlin
|
Batting: SHB Frank Amato
|
0-0: SOLO HOME RUN (Flyball, 7LD, EV 95.0 MPH), Distance : 357 ft
|
Batting: RHB Jung-wan Aan
|
0-0: Ball 1-0: Ball 2-0: Ball 3-0: Base on Balls
|
Batting: RHB John Vasquez
|
0-0: Called Strike 0-1: Ball 1-1: Ball 2-1: Grounds into double play, 4-6-3 (Groundball, 4, EV 84.4 MPH)
|
Batting: SHB Ray Skogen
|
0-0: Called Strike 0-1: Hit by Pitch
|
Batting: RHB Jesus Santiago
|
0-0: Ball Wild Pitch! Ray Skogen to second 1-0: Ball 2-0: Ball 3-0: Base on Balls
|
Batting: RHB Micah Roth
|
0-0: Called Strike 0-1: Foul Ball, location: 2F 0-2: Ball 1-2: Ball 2-2: Ball 3-2: Strikes out swinging
|
Top of the 2nd over - 1 run, 1 hit, 0 errors, 2 left on base; Seattle (APP) 1 - Great Falls 8 |
BOTTOM OF THE 2ND |
Great Falls Voyagers batting - Pitching for Seattle (APP) Mariners : LHP Kevin Roberts
|
Pitching: LHP Adam Parrish
|
|
Batting: SHB Matt Childers
|
0-0: Called Strike 0-1: Foul Ball, location: 2F 0-2: Ball 1-2: Ball 2-2: Ball 3-2: Strikes out swinging
|
Batting: RHB Chris LaMore
|
0-0: Called Strike 0-1: Swinging Strike 0-2: Ball 1-2: Foul Ball, location: 2F 1-2: Ball 2-2: Foul Ball, location: 2F 2-2: Ball 3-2: Ground out 6-3 (Groundball, 6, EV 80.0 MPH)
|
Batting: RHB Tommy Ellington
|
0-0: Called Strike 0-1: SINGLE (Line Drive, 89S, EV 92.5 MPH)
|
Batting: RHB Billy Grubbs
|
0-0: Called Strike 0-1: Swinging Strike 0-2: Foul Ball, location: 2F 0-2: Ball 1-2: Foul Ball, location: 2F 1-2: Ball 2-2: Ball 3-2: SINGLE (Groundball, 4MD, EV 95.6 MPH) Tommy Ellington to second Tommy Ellington to third
|
Batting: RHB Andy Cotton
|
0-0: Ball 1-0: Called Strike 1-1: Ball 2-1: Ball 3-1: 3-RUN HOME RUN (Flyball, 7LD, EV 96.2 MPH), Distance : 340 ft
|
Pitching: LHP Ryan Daniels
|
|
Batting: SHB Jose Romo
|
0-0: Ball 1-0: Called Strike 1-1: Ball 2-1: Ball 3-1: Called Strike 3-2: Ground out 6-3 (Groundball, 6MS, EV 79.4 MPH)
|
Bottom of the 2nd over - 3 runs, 3 hits, 0 errors, 0 left on base; Seattle (APP) 1 - Great Falls 11 |
TOP OF THE 3RD |
Seattle (APP) Mariners batting - Pitching for Great Falls Voyagers : LHP Nick Hamlin
|
Batting: LHB William Warren
|
0-0: Ball 1-0: Ball 2-0: DOUBLE (Flyball, 9LM, EV 103.8 MPH)
|
Batting: RHB Malik Brookshire
|
0-0: Ball 1-0: Called Strike 1-1: Ground out 4-3 (Groundball, 4, EV 98.1 MPH) William Warren to third
|
Batting: RHB John Peterson
|
0-0: Foul Ball, location: 2F 0-1: Ball 1-1: Ball 2-1: Swinging Strike 2-2: DOUBLE (Line Drive, 7LM, EV 100.0 MPH) William Warren scores
|
Batting: SHB Frank Amato
|
0-0: Foul Ball, location: 2F 0-1: Ball 1-1: Swinging Strike 1-2: Strikes out swinging
|
Batting: RHB Jung-wan Aan
|
0-0: Called Strike 0-1: Foul Ball, location: 2F 0-2: Ball 1-2: SINGLE (Groundball, 34S, EV 74.4 MPH) (infield hit) John Peterson to third
|
Batting: RHB John Vasquez
|
0-0: Ball 1-0: Ball 2-0: Ball 3-0: Called Strike 3-1: Base on Balls Jung-wan Aan to second
|
Batting: SHB Ray Skogen
|
0-0: Ball 1-0: Ball 2-0: Foul Ball, location: 2F 2-1: DOUBLE (Line Drive, 7LM, EV 106.2 MPH) John Peterson scores Jung-wan Aan scores John Vasquez to third Runner from 3rd tries for Home, SAFE, no throw by LF
|
Pitching: LHP Matt Donnelly
|
|
Batting: RHB Jesus Santiago
|
0-0: Ball 1-0: Swinging Strike 1-1: Swinging Strike 1-2: Ball 2-2: Ball 3-2: Foul Ball, location: 2F 3-2: Strikes out swinging
|
Top of the 3rd over - 4 runs, 4 hits, 0 errors, 1 left on base; Seattle (APP) 5 - Great Falls 11 |
BOTTOM OF THE 3RD |
Great Falls Voyagers batting - Pitching for Seattle (APP) Mariners : LHP Ryan Daniels
|
Batting: LHB Carlos Ramirez
|
0-0: Ball 1-0: Called Strike 1-1: Ball 2-1: DOUBLE (Line Drive, 8RXD, EV 110.6 MPH)
|
Batting: RHB Vic Lucatero
|
0-0: Ball 1-0: Called Strike 1-1: Swinging Strike 1-2: Ball 2-2: Ball 3-2: Base on Balls
|
Batting: LHB Josh Pittman
|
0-0: Foul Ball, location: 2F 0-1: Ball 1-1: Called Strike 1-2: Hit by Pitch Carlos Ramirez to third Vic Lucatero to second
|
Batting: SHB Matt Childers
|
0-0: Ball Wild Pitch! Carlos Ramirez scores Vic Lucatero to third Josh Pittman to second 1-0: Called Strike 1-1: Foul Ball, location: 2F 1-2: Ball 2-2: Strikes out looking
|
Batting: RHB Chris LaMore
|
0-0: Called Strike 0-1: Ball 1-1: Fly out, F8 (Flyball, 89D, EV 103.1 MPH) Runner from 3rd tags up, OUT at HOME! 8-2
|
Bottom of the 3rd over - 1 run, 1 hit, 0 errors, 1 left on base; Seattle (APP) 5 - Great Falls 12 |
TOP OF THE 4TH |
Seattle (APP) Mariners batting - Pitching for Great Falls Voyagers : LHP Matt Donnelly
|
Batting: RHB Micah Roth
|
0-0: Fly out, F9 (Flyball, 9LD, EV 91.9 MPH)
|
Batting: LHB William Warren
|
0-0: Ground out 5-3 (Groundball, 56D, EV 76.2 MPH)
|
Batting: RHB Malik Brookshire
|
0-0: Called Strike 0-1: Swinging Strike 0-2: Strikes out swinging
|
Top of the 4th over - 0 runs, 0 hits, 0 errors, 0 left on base; Seattle (APP) 5 - Great Falls 12 |
BOTTOM OF THE 4TH |
Great Falls Voyagers batting - Pitching for Seattle (APP) Mariners : LHP Ryan Daniels
|
Batting: RHB Tommy Ellington
|
0-0: Ball 1-0: Ball 2-0: Ball 3-0: Foul Ball, location: 2F 3-1: Base on Balls
|
Batting: RHB Billy Grubbs
|
0-0: Called Strike 0-1: Ball 1-1: Foul Ball, location: 2F 1-2: SINGLE (Flyball, 7LS, EV 92.5 MPH) Tommy Ellington to second
|
Batting: RHB Andy Cotton
|
0-0: Ball 1-0: Ball 2-0: Swinging Strike 2-1: Called Strike 2-2: Foul Ball, location: 2F 2-2: Ball 3-2: Base on Balls Tommy Ellington to third Billy Grubbs to second
|
Batting: SHB Jose Romo
|
0-0: Called Strike 0-1: Ball 1-1: Swinging Strike 1-2: Foul Ball, location: 2F 1-2: Ball 2-2: Ball 3-2: Foul Ball, location: 2F 3-2: Foul Ball, location: 2F 3-2: Foul Ball, location: 2F 3-2: Base on Balls Tommy Ellington scores Billy Grubbs to third Andy Cotton to second
|
Batting: LHB Carlos Ramirez
|
0-0: Ball 1-0: Called Strike 1-1: Swinging Strike 1-2: Ball 2-2: Ball 3-2: SINGLE (Line Drive, 7S, EV 103.8 MPH) Billy Grubbs scores Andy Cotton to third Jose Romo to second
|
Batting: RHB Vic Lucatero
|
0-0: Called Strike 0-1: Ball 1-1: GRAND SLAM HOME RUN (Flyball, 78XD, EV 103.1 MPH), Distance : 404 ft
|
Pitching: RHP Justin Lee
|
|
Batting: LHB Josh Pittman
|
0-0: Called Strike 0-1: Foul Ball, location: 2F 0-2: Ball 1-2: Foul Ball, location: 2F 1-2: Ball 2-2: Strikes out swinging
|
Batting: SHB Matt Childers
|
0-0: Ball 1-0: Ball 2-0: Ball 3-0: Base on Balls
|
Batting: RHB Chris LaMore
|
0-0: Called Strike 0-1: SINGLE (Flyball, 8LS, EV 86.9 MPH) Matt Childers to second
|
Batting: RHB Tommy Ellington
|
0-0: Ball 1-0: Called Strike 1-1: Swinging Strike 1-2: Strikes out looking
|
Batting: RHB Billy Grubbs
|
0-0: Called Strike 0-1: Ball 1-1: Ball 2-1: Ball 3-1: Foul Ball, location: 2F 3-2: Base on Balls Matt Childers to third Chris LaMore to second
|
Pitching: LHP Andy Mathis
|
|
Batting: RHB Andy Cotton
|
0-0: Ball 1-0: Foul Ball, location: 2F 1-1: Fly out, F9 (Line Drive, 9D, EV 91.9 MPH)
|
Bottom of the 4th over - 6 runs, 4 hits, 0 errors, 3 left on base; Seattle (APP) 5 - Great Falls 18 |
TOP OF THE 5TH |
Seattle (APP) Mariners batting - Pitching for Great Falls Voyagers : LHP Matt Donnelly
|
Batting: RHB John Peterson
|
0-0: Fly out, F2 (Popup, 5SF, EV 75.0 MPH)
|
Batting: SHB Frank Amato
|
0-0: Ground out 4-3 (Groundball, 4M, EV 90.0 MPH)
|
Batting: RHB Jung-wan Aan
|
0-0: Swinging Strike 0-1: Foul Ball, location: 2F 0-2: Reached on error, E6 (Groundball, 6, EV 100.0 MPH)
|
Batting: RHB John Vasquez
|
0-0: Ball 1-0: Ball 2-0: Called Strike 2-1: Called Strike 2-2: Foul Ball, location: 2F 2-2: Strikes out swinging
|
Top of the 5th over - 0 runs, 0 hits, 1 error, 1 left on base; Seattle (APP) 5 - Great Falls 18 |
BOTTOM OF THE 5TH |
Great Falls Voyagers batting - Pitching for Seattle (APP) Mariners : LHP Andy Mathis
|
Batting: SHB Jose Romo
|
0-0: Ball 1-0: Ball 2-0: Called Strike 2-1: Ball 3-1: Base on Balls
|
Batting: LHB Carlos Ramirez
|
0-0: Ball 1-0: Called Strike 1-1: Ball 2-1: Ball 3-1: Foul Ball, location: 2F 3-2: 2-RUN HOME RUN (Flyball, 9D, EV 99.4 MPH), Distance : 366 ft
|
Batting: RHB Vic Lucatero
|
0-0: Ball 1-0: Ball 2-0: Foul Ball, location: 2F 2-1: Ball 3-1: Called Strike 3-2: Base on Balls
|
Pitching: LHP Aidan Smith
|
|
Batting: LHB Josh Pittman
|
0-0: Called Strike 0-1: SINGLE (Flyball, 4D, EV 84.4 MPH) Vic Lucatero to second
|
Batting: SHB Matt Childers
|
0-0: Ball 1-0: Fly out, F5 (Popup, 25F, EV 78.1 MPH)
|
Batting: RHB Chris LaMore
|
0-0: Ball 1-0: Called Strike 1-1: Called Strike 1-2: Foul Ball, location: 2F 1-2: Foul Ball, location: 2F 1-2: Foul Ball, location: 2F 1-2: Ball 2-2: Ball 3-2: Base on Balls Vic Lucatero to third Josh Pittman to second
|
Batting: RHB Tommy Ellington
|
0-0: Ball 1-0: Ball 2-0: Ball 3-0: Base on Balls Vic Lucatero scores Josh Pittman to third Chris LaMore to second
|
Batting: RHB Billy Grubbs
|
0-0: Ball 1-0: Ball 2-0: Ball 3-0: Called Strike 3-1: Called Strike 3-2: Grounds into double play, 5-4-3 (Groundball, 56S, EV 91.2 MPH)
|
Bottom of the 5th over - 3 runs, 2 hits, 0 errors, 2 left on base; Seattle (APP) 5 - Great Falls 21 |
TOP OF THE 6TH |
Seattle (APP) Mariners batting - Pitching for Great Falls Voyagers : LHP Matt Donnelly
|
Batting: SHB Ray Skogen
|
0-0: Ground out 5-3 (Groundball, 5, EV 88.8 MPH)
|
Batting: RHB Jesus Santiago
|
0-0: Ball 1-0: Foul Ball, location: 2F 1-1: Ball 2-1: Ball 3-1: Base on Balls
|
Batting: RHB Micah Roth
|
0-0: Ball 1-0: Grounds into double play, 6-4-3 (Groundball, 56, EV 80.0 MPH)
|
Top of the 6th over - 0 runs, 0 hits, 0 errors, 0 left on base; Seattle (APP) 5 - Great Falls 21 |
BOTTOM OF THE 6TH |
Great Falls Voyagers batting - Pitching for Seattle (APP) Mariners : LHP Aidan Smith
|
Batting: RHB Andy Cotton
|
0-0: Called Strike 0-1: Ball 1-1: Foul Ball, location: 2F 1-2: Ball 2-2: Ball 3-2: Strikes out swinging
|
Batting: SHB Jose Romo
|
0-0: Foul Ball, location: 2F 0-1: Ball 1-1: Foul Ball, location: 2F 1-2: Ball 2-2: Ball 3-2: Strikes out swinging
|
Batting: LHB Carlos Ramirez
|
0-0: Ball 1-0: Ball 2-0: Foul Ball, location: 2F 2-1: Ball 3-1: Base on Balls
|
Batting: RHB Vic Lucatero
|
0-0: Called Strike 0-1: Ball 1-1: Foul Ball, location: 2F 1-2: Ball 2-2: Foul Ball, location: 2F 2-2: Ball 3-2: Foul Ball, location: 2F 3-2: Ground out 6-3 (Groundball, 6M, EV 83.1 MPH)
|
Bottom of the 6th over - 0 runs, 0 hits, 0 errors, 1 left on base; Seattle (APP) 5 - Great Falls 21 |
TOP OF THE 7TH |
Seattle (APP) Mariners batting - Pitching for Great Falls Voyagers : LHP Matt Donnelly
|
Batting: LHB William Warren
|
0-0: Called Strike 0-1: Foul Ball, location: 2F 0-2: Ball 1-2: SINGLE (Line Drive, 34D, EV 96.9 MPH)
|
Batting: RHB Malik Brookshire
|
0-0: Called Strike 0-1: Swinging Strike 0-2: Ball Pickoff Throw by Catcher to First - Out! 1-2: Ball 2-2: SOLO HOME RUN (Flyball, 89XD, EV 110.0 MPH), Distance : 417 ft
|
Batting: RHB John Peterson
|
0-0: Called Strike 0-1: Foul Ball, location: 2F 0-2: Foul Ball, location: 2F 0-2: Ball 1-2: Ball 2-2: Strikes out swinging
|
Batting: SHB Frank Amato
|
0-0: Called Strike 0-1: Ball 1-1: Foul Ball, location: 2F 1-2: Foul Ball, location: 2F 1-2: Ball 2-2: Strikes out swinging
|
Top of the 7th over - 1 run, 2 hits, 0 errors, 0 left on base; Seattle (APP) 6 - Great Falls 21 |
BOTTOM OF THE 7TH |
Great Falls Voyagers batting - Pitching for Seattle (APP) Mariners : LHP Aidan Smith
|
Batting: LHB Josh Pittman
|
0-0: Ball 1-0: Called Strike 1-1: Ball 2-1: Ball 3-1: Foul Ball, location: 2F 3-2: Base on Balls
|
Batting: SHB Matt Childers
|
0-0: Called Strike 0-1: Ball 1-1: Foul Ball, location: 2F 1-2: Ball 2-2: 2-RUN HOME RUN (Flyball, 7D, EV 95.6 MPH), Distance : 378 ft
|
Batting: RHB Chris LaMore
|
0-0: Foul Ball, location: 2F 0-1: Ball 1-1: Ball 2-1: Ball 3-1: Base on Balls
|
Batting: RHB Tommy Ellington
|
0-0: Ball 1-0: Fielders Choice at 2nd, 5-4 (Groundball, 5, EV 106.2 MPH)
|
Batting: RHB Billy Grubbs
|
0-0: Ball 1-0: Ball 2-0: Fielders Choice at 2nd, 4-6 (Groundball, 4S, EV 81.2 MPH)
|
Batting: RHB Andy Cotton
|
0-0: Ball 1-0: Ball 2-0: Called Strike 2-1: Ball 3-1: Base on Balls Billy Grubbs to second
|
Batting: SHB Jose Romo
|
0-0: DOUBLE (Line Drive, 3D, EV 95.0 MPH) Billy Grubbs scores Andy Cotton to third Runner from 3rd tries for Home, throw by RF and OUT! 9-4-2
|
Bottom of the 7th over - 3 runs, 2 hits, 0 errors, 1 left on base; Seattle (APP) 6 - Great Falls 24 |
TOP OF THE 8TH |
Seattle (APP) Mariners batting - Pitching for Great Falls Voyagers : LHP Matt Donnelly
|
Pitching: LHP Marty de la Rosa
|
|
Batting: RHB Jung-wan Aan
|
0-0: Ball 1-0: Ball 2-0: Swinging Strike 2-1: Ball 3-1: DOUBLE (Line Drive, 3D, EV 99.4 MPH)
|
Batting: RHB John Vasquez
|
0-0: Called Strike 0-1: Foul Ball, location: 2F 0-2: Strikes out swinging
|
Batting: SHB Ray Skogen
|
0-0: Foul Ball, location: 2F 0-1: Ball 1-1: Called Strike 1-2: Strikes out swinging
|
Batting: RHB Jesus Santiago
|
0-0: Ball 1-0: Ball 2-0: Ball Wild Pitch! Jung-wan Aan to third 3-0: Called Strike 3-1: Called Strike 3-2: SINGLE (Flyball, 78S, EV 94.4 MPH) Jung-wan Aan scores
|
Batting: RHB Micah Roth
|
0-0: Ball 1-0: Called Strike 1-1: Ball 2-1: Ground out 4-3 (Groundball, 34D, EV 99.4 MPH)
|
Top of the 8th over - 1 run, 2 hits, 0 errors, 1 left on base; Seattle (APP) 7 - Great Falls 24 |
BOTTOM OF THE 8TH |
Great Falls Voyagers batting - Pitching for Seattle (APP) Mariners : LHP Aidan Smith
|
Batting: LHB Carlos Ramirez
|
0-0: Ball 1-0: Ball 2-0: Called Strike 2-1: Ball 3-1: Base on Balls
|
Batting: RHB Vic Lucatero
|
0-0: Ball 1-0: Foul Ball, location: 2F 1-1: Ball 2-1: Ball 3-1: Base on Balls Carlos Ramirez to second
|
Pinch Hitting: RHB Duncan Collins
|
0-0: Ball 1-0: Called Strike 1-1: Ball 2-1: SINGLE (Groundball, 56S, EV 75.0 MPH) (infield hit) Carlos Ramirez to third Vic Lucatero to second
|
Pinch Runner at 1st Jose Duran:
|
|
Batting: SHB Matt Childers
|
0-0: Ball 1-0: Ball 2-0: Ball 3-0: Called Strike 3-1: Foul Ball, location: 2F 3-2: Base on Balls Carlos Ramirez scores Vic Lucatero to third Jose Duran to second
|
Batting: RHB Chris LaMore
|
0-0: Ball 1-0: Ball 2-0: Ball 3-0: Base on Balls Vic Lucatero scores Jose Duran to third Matt Childers to second
|
Batting: RHB Tommy Ellington
|
0-0: Called Strike 0-1: Ball 1-1: Ball 2-1: Ball 3-1: Base on Balls Jose Duran scores Matt Childers to third Chris LaMore to second
|
Batting: RHB Billy Grubbs
|
0-0: Fielders Choice at 2nd, 6-4 (Groundball, 56, EV 81.9 MPH) Matt Childers scores Chris LaMore to third
|
Batting: RHB Andy Cotton
|
0-0: Fielders Choice at 2nd, 5-4 (Groundball, 5L, EV 84.4 MPH) Chris LaMore scores
|
Batting: SHB Jose Romo
|
0-0: Called Strike 0-1: Ball 1-1: Fielders Choice at 2nd, 6-4 (Groundball, 6, EV 89.4 MPH)
|
Bottom of the 8th over - 5 runs, 1 hit, 0 errors, 1 left on base; Seattle (APP) 7 - Great Falls 29 |
TOP OF THE 9TH |
Seattle (APP) Mariners batting - Pitching for Great Falls Voyagers : LHP Marty de la Rosa
|
Now in LF: Jose Duran
|
|
Batting: LHB William Warren
|
0-0: Ball 1-0: Ball 2-0: Ball 3-0: Called Strike 3-1: Base on Balls
|
Batting: RHB Malik Brookshire
|
0-0: Foul Ball, location: 2F 0-1: Ball 1-1: Ball 2-1: Grounds into double play, 6-4-3 (Groundball, 6, EV 86.9 MPH)
|
Batting: RHB John Peterson
|
0-0: Ball 1-0: Foul Ball, location: 2F 1-1: Foul Ball, location: 2F 1-2: Foul Ball, location: 2F 1-2: Fly out, F3 (Flyball, 3D, EV 87.5 MPH)
|
Top of the 9th over - 0 runs, 0 hits, 0 errors, 0 left on base; Seattle (APP) 7 - Great Falls 29 |
|